 Dungeon Crawl Stone Soup version 0.30-a0-696-g2367cd04db (webtiles) character file.

Game seed: 12956953636866959202

3927 Shayle the Dealer of Despair (level 10, -8/77 (79) HPs)
             Began as a Demonspawn Reaver on Jan 21, 2023.
             Was an Elder of Kikubaaqudgha.
             Mangled by Erica
             ... wielding a +3 scimitar of flaming
              (13 damage)
             ... on level 8 of the Dungeon.
             The game lasted 00:21:21 (6726 turns).

Shayle the Dealer of Despair (Demonspawn Reaver)    Turns: 6726, Time: 00:21:22

HP:   -8/77 (79)    AC:  7    Str: 16    XL:     10   Next: 1%
MP:   17/17         EV: 13    Int: 25    God:    Kikubaaqudgha [****..]
Gold: 172           SH:  0    Dex: 13    Spells: 17/22 levels left

rFire   . . .      SeeInvis .    q - +2 dagger (venom)
rCold   . . .      Faith    .    (no shield)
rNeg    . . .      Spirit   .    y - +3 leather armour {rPois}
rPois   +          Reflect  .    (helmet restricted)
rElec   .          Harm     .    (no cloak)
rCorr   .          Rampage  .    (no gloves)
Will    .....                    f - +0 pair of boots of Rosticud {Str+3}
Stlth   +++                      i - amulet of regeneration
HPRegen 1.12/turn                h - +4 ring of slaying
MPRegen 0.15/turn                B - +6 ring of intelligence

@: lightly drained
A: antennae 2, thin skeletal structure 1, demonic guardian 1, icemail 1,
condensation shield, low MP 1, no potion heal 1
a: Renounce Religion, Unearth Wretches


You were on level 8 of the Dungeon.
You worshipped Kikubaaqudgha.
Kikubaaqudgha was greatly pleased with you.
You visited 2 branches of the dungeon, and saw 9 of its levels.
You also visited: Sewer.

You collected 370 gold pieces.
You spent 198 gold pieces at shops.

Inventory:

Hand Weapons
 a - a +0 spear
 e - a +1 short sword of venom
 q - a +2 dagger of venom (weapon)
Missiles
 o - a throwing net
Armour
 b - a +0 leather armour
 f - the +0 pair of boots of Rosticud (worn) {Str+3}
   (You acquired it on level 7 of the Dungeon)

   Str:       It affects your strength (+3).
 m - a +1 chain mail of cold resistance
 r - a +3 scale mail
 y - a +3 leather armour of poison resistance (worn)
Jewellery
 h - a +4 ring of slaying (left hand)
 i - an amulet of regeneration (around neck)
 B - a +6 ring of intelligence (right hand)
Wands
 D - a wand of flame (12)
Scrolls
 d - 2 scrolls of teleportation
 g - a scroll of noise {unknown}
 j - a scroll of identify
 v - a scroll of enchant weapon {unknown}
 C - 3 scrolls of amnesia {unknown}
 E - 2 scrolls of vulnerability {unknown}
Potions
 c - a potion of degeneration
 l - 2 potions of haste
 p - a potion of attraction
 t - 3 potions of curing
 w - 3 potions of invisibility
 x - a potion of lignification
 z - a potion of magic
 A - a potion of might


   Skills:
 + Level 7.0 Fighting
 + Level 6.6 Polearms
 - Level 4.0 Armour
 + Level 4.6 Dodging
 + Level 4.3 Stealth
 + Level 6.6 Spellcasting
 - Level 3.0 Conjurations
 + Level 7.4 Necromancy
 - Level 4.0 Ice Magic


You had 17 spell levels left.
You knew the following spells:

 Your Spells              Type           Power      Damage    Failure   Level
a - Kiss of Death         Conj/Necr      100%       2d13      1%          1
b - Necrotise             Necr           100%       1d9       1%          1
c - Hailstorm             Conj/Ice       25%        3d7       6%          3

Your spell library contained the following spells:

 Spells                   Type           Power      Damage    Failure   Level
 Freeze                   Ice            100%       1d10      1%          1
 Sublimation of Blood     Necr           45%        N/A       1%          2
 Shock                    Conj/Air       60%        1d6       4%          1
 Cigotuvi's Dreadful Rot  Necr/Pois/Air  40%        N/A       4%          2
 Frozen Ramparts          Ice            56%        1d9       4%          3
 Momentum Strike          Conj/Tloc      30%        3d8       7%          2
 Agony                    Necr           45%        N/A       11%         5
 Blink                    Tloc           16%        N/A       13%         2
 Lesser Beckoning         Tloc           16%        N/A       13%         2
 Dazzling Flash           Conj/Hex       30%        N/A       14%         3
 Anguish                  Hex/Necr       13%        N/A       19%         4
 Call Canine Familiar     Summ           8%         N/A       26%         3
 Portal Projectile        Hex/Tloc       16%        N/A       26%         3
 Swiftness                Air            8%         N/A       26%         3
 Borgnjor's Vile Clutch   Necr/Erth      13%        N/A       45%         5
 Death Channel            Necr           22%        N/A       52%         6
 Airstrike                Air            4%         2d(1-17)  63%         4
 Leda's Liquefaction      Hex/Erth       4%         N/A       63%         4
 Simulacrum               Ice/Necr       18%        N/A       75%         6
 Silence                  Hex/Air        4%         N/A       93%         5


Dungeon Overview and Level Annotations

Branches:
Dungeon (8/15)             Temple (1/1) D:6           Sewer (visited)
   Lair: D:8-11

Altars:
Kikubaaqudgha
Sif Muna
Trog
Xom

Shops:
D:6 =!!

Annotations:
D:8 Erica, Pikel, Psyche


Innate Abilities, Weirdness & Mutations

You have a pair of antennae on your head.
You have a somewhat thin skeletal structure. (Dex +2, Stealth+)
A weak demonic guardian rushes to your aid.
A meltable icy envelope protects you from harm. (AC +0)
A meltable shield of frost defends you. (SH +0)
Your magical capacity is low. (-10% MP)
Potions are less effective at restoring your health.


Message History

Erica burns you.
You miss Erica.
Erica is lightly wounded.
Erica misses you.
You're too confused to move!
Erica hits you with a +3 scimitar of flaming!
A demonic guardian appears!
Erica burns you.
You feel less confused. Erica gestures at you while chanting.
The bolt of poison hits you.
You are poisoned.
You resist.
You hit Erica.
Erica looks as sick as possible!
Erica is lightly wounded.
You feel very sick.
Your ufetubus hits Erica.
Your ufetubus closely misses Erica.
Erica misses you.
Your ufetubus hits Erica. x2
You hit Erica but do no damage.
Erica looks as sick as possible!
Erica is moderately wounded.
You feel very sick.
Erica mumbles some strange words.
Erica flickers and vanishes!
Deactivating autopickup; reactivate with Ctrl-A.
You barely miss something.
You feel very sick. Something hits you.
* * * LOW HITPOINT WARNING * * *
Something burns you.
* * * LOW HITPOINT WARNING * * *
Your system partially rejects the healing.
You feel better. Something hits you!
* * * LOW HITPOINT WARNING * * *
A demonic guardian appears!
Something burns you.
* * * LOW HITPOINT WARNING * * *
Okay, then.
Okay, then.
Your system partially rejects the healing.
You feel better. Something hits you!
You die...
Kikubaaqudgha rasps: "You have failed me!
Welcome... death!"

.###..##..# #.................#
..........# ##.###............#
[<)..#..>.# #.# #..##........#
##)#......# #.# #..##........#
#.#.##...#####.###..##.#.#.####
....##..)...........##.#.#.#
#....##.#.#####4###.##......#
...... #......{###.# ......
......# #######5@...# ... ...
......# ........##### .......
......... ##########


You could see a friendly ice devil (summoned) and a friendly ufetubus
(summoned).

Vanquished Creatures
  2 wyverns
  An orc warrior (D:8)
  Duvessa (D:6)
  An ice beast (D:6)
  2 black bears
  2 centaurs
  A phantom (D:6)
  A lemure (D:7)
  A kobold brigand (D:7)
  3 bullfrogs
  2 scorpions (D:6)
  Dowan (D:6)
  6 killer bees (D:7)
  3 hounds
  2 orc priests (D:7)
  4 jellies
  6 orc wizards (D:5)
  3 iguanas
  4 gnolls (D:3)
  12 adders
  3 river rats
  A shadow imp (D:7)
  An ufetubus (D:6)
  3 worms
  5 dart slugs
  21 orcs
  9 endoplasms
  8 giant cockroaches
  10 goblins
  9 hobgoblins
  7 jackals
  A quokka (D:1)
  16 ball pythons
  4 bats (D:3)
  5 frilled lizards
  14 kobolds
  6 rats
181 creatures vanquished.

Notes
Turn   | Place    | Note
-------+----------+-------------------------------------------
     0 | D:1      | Shayle the Demonspawn Reaver began the quest for the Orb.
     0 | D:1      | Reached XP level 1. HP: 16/16 MP: 3/3
    83 | D:1      | Found a faded altar of an unknown god.
    98 | D:1      | Prayed at the altar of an unknown god.
    98 | D:1      | Became a worshipper of Kikubaaqudgha
    98 | D:1      | Reached * piety under Kikubaaqudgha
    98 | D:1      | Received a gift from Kikubaaqudgha
   251 | D:1      | Gained mutation: You have a somewhat thin skeletal
                  | structure. (Dex +2, Stealth+) [demonic ancestry]
   251 | D:1      | Reached XP level 2. HP: 5/22 MP: 5/5
   253 | D:1      | Learned a level 1 spell: Necrotise
   685 | D:1      | Reached skill level 1 in Necromancy
   904 | D:1      | Reached XP level 3. HP: 26/28 MP: 6/6
  1059 | D:1      | Reached ** piety under Kikubaaqudgha
  1850 | D:2      | Learned a level 3 spell: Hailstorm
  1993 | D:2      | Gained mutation: A meltable shield of frost defends you.
                  | (SH +0) [demonic ancestry]
  1993 | D:2      | Reached XP level 4. HP: 34/34 MP: 7/7
  2475 | D:3      | Reached skill level 1 in Stealth
  2475 | D:3      | Gained mutation: You have a pair of small antennae on your
                  | head. [demonic ancestry]
  2475 | D:3      | Reached XP level 5. HP: 18/40 MP: 7/9
  2612 | D:3      | Found a bloodstained altar of Trog.
  2614 | D:3      | Found an iron altar of Okawaru.
  2616 | D:3      | Found a blossoming altar of Fedhas.
  2616 | D:3      | Found a bloodstained altar of Trog.
  2616 | D:3      | Found a shimmering altar of Xom.
  2906 | D:3      | Found a bloodstained altar of Trog.
  3163 | D:4      | Noticed a black bear
  3169 | D:4      | Killed a black bear
  3188 | D:4      | Reached XP level 6. HP: 46/47 MP: 10/10
  3569 | D:5      | Entered Level 5 of the Dungeon
  3812 | D:5      | Reached *** piety under Kikubaaqudgha
  3812 | D:5      | Received a gift from Kikubaaqudgha
  4016 | D:5      | Reached XP level 7. HP: 18/53 MP: 10/12
  4260 | D:6      | Found Seifad's Distillery.
  4307 | D:6      | Bought a potion of invisibility for 88 gold pieces
  4307 | D:6      | Bought a potion of might for 44 gold pieces
  4307 | D:6      | Bought a potion of curing for 33 gold pieces
  4307 | D:6      | Bought a potion of curing for 33 gold pieces
  4387 | D:6      | Noticed a wyvern
  4398 | D:6      | Killed a wyvern
  4411 | D:6      | Found Urpheemaa's Jewellery Shop.
  4429 | D:6      | Gained mutation: You have a pair of antennae on your head.
                  | [demonic ancestry]
  4429 | D:6      | Reached XP level 8. HP: 32/60 MP: 13/13
  4574 | D:6      | Found Muybuch's Distillery.
  4589 | D:6      | Noticed Duvessa
  4589 | D:6      | Noticed Dowan
  4601 | D:6      | Killed Duvessa
  4604 | D:6      | Killed Dowan
  4732 | D:6      | Found a shimmering blue altar of Sif Muna.
  4738 | D:6      | Gained mutation: You have hidden genetic defects. [potion
                  | of mutation]
  4738 | D:6      | Gained mutation: Your magical capacity is low. (-10% MP)
                  | [potion of mutation]
  4738 | D:6      | Gained mutation: Your spells are a little harder to cast,
                  | but a little more powerful. [potion of mutation]
  4821 | D:6      | Found a glowing drain.
  4834 | Sewer    | Entered a sewer
  4927 | Sewer    | Reached **** piety under Kikubaaqudgha
  5169 | Sewer    | Found a viscous altar of Jiyva.
  5344 | D:6      | Gained mutation: A meltable icy envelope protects you from
                  | harm. (AC +0) [demonic ancestry]
  5344 | D:6      | Reached XP level 9. HP: 71/71 MP: 13/16
  5549 | D:6      | Found a staircase to the Ecumenical Temple.
  5565 | Temple   | Entered the Ecumenical Temple
  5565 | Temple   | Lost mutation: Your spells are a little harder to cast, but
                  | a little more powerful. [hidden defects]
  6137 | D:7      | Gained mutation: Potions are less effective at restoring
                  | your health. [hidden defects]
  6137 | D:7      | Lost mutation: You have hidden genetic defects. [hidden
                  | defects expressed]
  6185 | D:7      | Identified a scroll of acquirement
  6185 | D:7      | Acquired the +0 pair of boots of Rosticud {Str+3}
  6498 | D:8      | Noticed Pikel
  6498 | D:8      | Noticed Psyche
  6698 | D:8      | Gained mutation: A weak demonic guardian rushes to your
                  | aid. [demonic ancestry]
  6698 | D:8      | Reached XP level 10. HP: 65/77 MP: 17/17
  6711 | D:8      | Noticed Erica
  6725 | D:8      | HP: 3/77 [something (13)]
  6725 | D:8      | HP: 1/77 [something (2)]
  6726 | D:8      | Mangled by Erica

Illustrated notes

Levels and vault maps discovered:
D:1:      onia_arrival_mini_spirals, layout_basic, ebering_ecumenical_altar_hall
D:2:      layout_loops_ring
D:3:      layout_basic, doesnt_xom_only_xom, trog_book, fountainhead,
          minmay_quadrilaterals
D:4:      layout_cave_pools, hangedman_abyss_or_decor_passed
D:5:      layout_gridville, kennysheep_generic_room_13
D:6:      layout_basic, mainiacjoe_overflow_divided_tiny,
          minmay_temple_entry_wispy, portal_sewer_entry_b, serial_shops,
          nicolae_stop_n_shop_2, nicolae_shop_crystal, nicolae_shop_stone,
          uniq_duvessa
D:7:      layout_basic, minivault_19, minmay_hedge_maze
D:8:      layout_loops_ring, chequers_serial_rivers_micro_e, uniq_pikel,
          uniq_psyche, uniq_erica, uniq_joseph
Temple:   bh_familiar_temple

Skill      XL: |  1  2  3  4  5  6  7  8  9 |
---------------+----------------------------+-----
Dodging        | 2 3 4 |  4.6
Necromancy     | 1 2 3 4 7 |  7.4
Polearms       | 3 4 6 |  6.6
Stealth        | 1 2 3 4 |  4.3
Fighting       | 3 4 6 7 |  7.0
Spellcasting   | 3 6 |  6.6
Armour         | 4 |  4.0
Ice Magic      | 4 |  4.0
Conjurations   | |  3.0

Action                   |  1- 3 |  4- 6 |  7- 9 | 10-12 || total
-------------------------+-------+-------+-------+-------++-------
Melee: Spear             |   128 |       |       |       ||   128
       Punch             |     4 |     3 |     7 |       ||    14
       Short sword       |    24 |    83 |       |       ||   107
       Dagger            |       |    92 |   311 |     8 ||   411
 Cast: Necrotise         |     4 |       |     4 |       ||     8
       Kiss of Death     |     1 |       |     1 |       ||     2
  Use: Scroll            |       |     4 |    12 |       ||    16
       Potion            |       |       |     7 |     2 ||     9
 Stab: Sleeping          |     7 |     5 |     8 |       ||    20
Armor: Leather armour    |    39 |     6 |    44 |     1 ||    90
       Scale mail        |       |    60 |   129 |       ||   189
Dodge: Dodged            |    80 |    90 |   223 |     2 ||   395
Block: Other             |       |    28 |    70 |       ||    98

Table legend: (Time is in decaauts)
 A = Elapsed time spent in this place.
 B = Non-inter-level travel time spent in this place.
 C = Inter-level travel time spent in this place.
 D = Time resting spent in this place.
 E = Time spent auto-exploring this place.
 F = Levels seen in this place.
 G = Mean time per level.
                   A        B        C        D        E       F      G
               +--------+--------+--------+--------+--------+-----+--------+
         Total |   6764 |   6518 |    246 |    467 |   3666 |  10 |  676.4 |
       Dungeon |   6305 |   6059 |    246 |    308 |   3635 |   8 |  788.1 |
        Temple |      1 |      1 |      0 |      0 |      0 |   1 |    1.0 |
         Sewer |    457 |    457 |      0 |    159 |     31 |   1 |  457.0 |
               +--------+--------+--------+--------+--------+-----+--------+

Top non-repeatable levels by time:
     D:1: 1434 daAuts
     D:6: 1109 daAuts
     D:3: 902 daAuts
     D:7: 767 daAuts
     D:2: 744 daAuts
     D:5: 678 daAuts
     D:4: 492 daAuts
   Sewer: 457 daAuts
     D:8: 175 daAuts
  Temple: 1 daAuts
